 Dungeon Crawl Stone Soup version 0.26-a0-1002-g7355149c4d (webtiles) character file.

Game seed: 5711820656639504954

8080 pkoi the Cleaver (level 11, 0/94 HPs)
             Began as a Minotaur Gladiator on Dec 6, 2020.
             Was a Believer of Qazlal.
             Succumbed to a killer bee's poison
             ... on level 9 of the Dungeon.
             The game lasted 00:12:03 (12174 turns).

pkoi the Cleaver (Minotaur Gladiator)              Turns: 12174, Time: 00:12:03

Health: 0/94       AC: 11    Str: 18 (21) XL:     11   Next: 5%
Magic:  17/17      EV:  9    Int:  3 (6)  God:    Qazlal [**....]
Gold:   454        SH:  3    Dex: 12 (13) Spells: 10/10 levels left

rFire    + . .     SeeInvis .   F - +3 war axe
rCold    . . .     Faith    .   (no shield)
rNeg     . . .     Spirit   .   h - +0 chain mail
rPois    .         Reflect  .   q - +1 hat {Int+3}
rElec    .         Harm     .   (no cloak)
rCorr    .         Rampage  .   (no gloves)
Will     .....                  (no boots)
Stlth    ..........             (no amulet)
HPRegen  0.25/turn              k - ring of stealth
MPRegen  0.15/turn              p - ring of protection from fire

@: lethally poisoned (0 -> -1)
A: retaliatory headbutt, horns 2, dopey 1, mutation resistance 1
a: Upheaval, Renounce Religion


You were on level 9 of the Dungeon.
You worshipped Qazlal.
Qazlal was pleased with you.
You visited 1 branch of the dungeon, and saw 10 of its levels.
You also visited: Sewer.

You collected 484 gold pieces.
You spent 30 gold pieces at shops.

Inventory:

Hand Weapons
 a - a +1 war axe
 F - a +3 war axe (weapon)
Missiles
 d - 3 throwing nets
 m - 35 poisoned darts (quivered)
 y - 7 curare-tipped darts
Armour
 c - a +1 hat
 h - a +0 chain mail (worn)
 q - a +1 hat of intelligence (worn)
Jewellery
 k - a ring of stealth (left hand)
 p - a ring of protection from fire (right hand)
Wands
 B - a wand of digging (2)
 D - a wand of iceblast (8)
 E - a wand of polymorph (9)
Scrolls
 e - a scroll of teleportation
 f - 6 scrolls of remove curse
 j - 3 scrolls of enchant weapon
 n - 2 scrolls of magic mapping
 o - 6 scrolls of blinking
 u - a scroll of enchant armour
 v - a scroll of summoning
 w - a scroll of fear
 x - a scroll of identify
Potions
 b - 2 potions of haste {unknown}
 g - a potion of berserk rage
 i - a potion of invisibility {unknown}
 l - 4 potions of lignification {unknown}
 r - 2 potions of heal wounds {unknown}
 s - 3 potions of degeneration
 t - a potion of flight {unknown}
 z - 2 potions of might {unknown}
 A - 2 potions of mutation
 C - a potion of ambrosia {unknown}


   Skills:
 - Level 8.0 Fighting
 + Level 12.7 Axes
 - Level 2.0 Throwing
 + Level 8.2 Armour
 - Level 3.2 Dodging
 * Level 9.7 Invocations


You had 10 spell levels left.
You didn't know any spells.
Your spell library contained the following spells:

 Spells                   Type           Power        Failure   Level
 Corona                   Hex            #......      99%         1
 Summon Small Mammal      Summ           #...         99%         1
 Call Imp                 Summ           #.......     100%        2
 Ensorcelled Hibernation  Hex/Ice        #.....       100%        2
 Call Canine Familiar     Summ           #.......     100%        3
 Confusing Touch          Hex            #.......     100%        3
 Dazzling Flash           Conj/Hex       #.....       100%        3
 Summon Guardian Golem    Hex/Summ       #.......     100%        3
 Tukima's Dance           Hex            #.......     100%        3
 Summon Ice Beast         Ice/Summ       #.......     100%        4
 Summon Lightning Spire   Summ/Air       #.......     100%        4


Dungeon Overview and Level Annotations

Branches:
Dungeon (10/15)            Temple (0/1) D:7            Lair (0/6) D:9
  Sewer (visited)
    Orc: D:9-12

Altars:
Dithmenos
Elyvilon
Kikubaaqudgha
Nemelex Xobeh
Qazlal
Ru
Trog
Uskayaw
Vehumet
Xom
Zin
The Shining One

Shops:
D:4 ?   D:9 }

Annotations:
D:3 2 runed translucent doors, Sun's ghost, amateur FoFi
D:5 3 runed translucent doors, jisko22's ghost, novice DrIE


Innate Abilities, Weirdness & Mutations

You reflexively headbutt those who attack you in melee.
You have a pair of horns on your head.
You are dopey. (Int -2)
You are somewhat resistant to further mutation.


Message History

* * * LOW HITPOINT WARNING * * *
You hit the gargoyle but do no damage. You headbutt the gargoyle.
The gargoyle is lightly damaged.
You slash the killer bee! The killer bee closely misses you.
The gargoyle is engulfed in blazing flames.
The gargoyle hits you with a +0 mace!
* * * LOW HITPOINT WARNING * * *
The killer bee stings you but does no damage.
It was a potion of degeneration.
There was something very wrong with that liquid.
You feel weakened.
You feel dopey.
You feel clumsy. You block the killer bee's attack.
The gargoyle is engulfed in blazing flames.
The gargoyle hurls a stone arrow at you.
The stone arrow misses you. The killer bee closely misses you.
You furiously retaliate!
You headbutt the killer bee.
It was a potion of mutation.
You feel extremely strange.
You feel stupid.
You feel genetically stable.
Your surroundings suddenly seem different.
You die...

######## .......#
######.# #....#.#
#.##.#.# #.#<.#.#
#.####.# ##########
....†..#
######........#
#############
#.@...........#####
............#
#.................#
###########.#
#.................# #.#
#.................# ###
#.# #.................#
##.##
#.###.................#
#...#
#...'..................
##...##
#.###.................#
#..#..#
#>....).............###


There were no monsters in sight!

Vanquished Creatures
  Erica (D:8)
  2 centaur zombies
  Maggie (D:6)
  A hornet (D:9)
  2 trolls
  Prince Ribbit (D:8)
  A yak (D:9)
  Menkaure (D:6)
  6 water moccasins (D:9)
  Purgy (Sewer)
  4 ice beasts
  3 black bears
  4 sky beasts
  A necrophage (D:9)
  8 ogres
  4 centaurs
  5 bullfrogs
  A gnoll sergeant (D:7)
  4 scorpions
  7 wights
  8 killer bees
  6 howler monkeys
  6 electric eels (D:9)
  2 centaur skeletons
  A quasit (D:7)
  2 orc priests
  3 hounds
  2 orc wizards
  An iguana (D:8)
  Natasha (twice) (D:2)
  8 worker ants
  A hound skeleton (D:6)
  2 worker ant zombies
  4 gnolls (D:7)
  11 adders
  2 shadow imps
  An ufetubus (D:5)
  An ooze (D:1)
  An adder zombie (D:5)
  2 adder skeletons
  7 worms
  2 dart slugs
  5 leopard geckos
  37 orcs
  6 bats
  10 giant cockroaches
  3 goblins (D:1)
  9 hobgoblins
  18 jackals
  14 kobolds
  4 quokkas
  5 frilled lizards
  A jackal skeleton (D:3)
  6 rats
251 creatures vanquished.

Vanquished Creatures (others)
  A human (D:7)
  2 orcs (D:9)
  40 fungi (D:9)
  40 plants (D:9)
  4 toadstools (D:1)
87 creatures vanquished.

Grand Total: 338 creatures vanquished

Notes
Turn   | Place    | Note
-------+----------+-------------------------------------------
     0 | D:1      | pkoi the Minotaur Gladiator began the quest for the Orb.
     0 | D:1      | Reached XP level 1. HP: 18/18 MP: 0/0
    47 | D:1      | Reached skill level 4 in Axes
    51 | D:1      | Reached XP level 2. HP: 22/25 MP: 1/1
   397 | D:1      | Reached skill level 5 in Axes
   492 | D:1      | Reached XP level 3. HP: 23/30 MP: 2/2
   826 | D:2      | Noticed an ogre
  1006 | D:2      | Found a faded altar of an unknown god.
  1295 | D:2      | Reached skill level 6 in Axes
  1295 | D:2      | Reached XP level 4. HP: 37/37 MP: 3/3
  1312 | D:2      | Noticed Natasha
  1320 | D:2      | Killed Natasha
  1437 | D:2      | Noticed Natasha
  1445 | D:2      | Killed Natasha
  1556 | D:2      | Killed an ogre
  1557 | D:2      | Reached skill level 7 in Axes
  1557 | D:2      | Reached XP level 5. HP: 42/42 MP: 4/4
  1847 | D:3      | Found a runed translucent door.
  1900 | D:3      | Noticed a centaur
  1914 | D:3      | Killed a centaur
  1915 | D:3      | Reached skill level 8 in Axes
  1915 | D:3      | Reached XP level 6. HP: 16/50 MP: 5/5
  2257 | D:3      | Found a stormy altar of Qazlal.
  2321 | D:3      | Found a sparkling altar of Nemelex Xobeh.
  2396 | D:3      | Noticed Sun's ghost (amateur FoFi)
  2421 | D:3      | Found a runed translucent door.
  2479 | D:3      | Became a worshipper of Qazlal Stormbringer
  2498 | D:4      | Found Ahebocum's Magic Scroll Shoppe.
  2528 | D:4      | Reached skill level 9 in Axes
  2800 | D:4      | Bought a scroll of teleportation for 30 gold pieces
  2816 | D:4      | Found a shimmering altar of Xom.
  2823 | D:4      | Reached XP level 7. HP: 47/56 MP: 6/6
  2875 | D:4      | Found a shimmering altar of Xom.
  2878 | D:4      | Found a shimmering altar of Xom.
  2908 | D:4      | Found a bloodstained altar of Trog.
  2938 | D:4      | Reached skill level 10 in Axes
  3071 | D:4      | Found a hide-covered altar of Uskayaw.
  3237 | D:4      | Reached * piety under Qazlal
  3521 | D:5      | Entered Level 5 of the Dungeon
  3591 | D:5      | Found a runed translucent gate.
  3591 | D:5      | Found a runed translucent gate.
  3591 | D:5      | Found a runed translucent gate.
  3617 | D:5      | Reached skill level 1 in Armour
  3617 | D:5      | Reached skill level 1 in Invocations
  4210 | D:5      | Found a glowing drain.
  4217 | Sewer    | Entered a sewer
  4331 | Sewer    | Noticed Purgy
  4343 | Sewer    | Killed Purgy
  4344 | Sewer    | Reached XP level 8. HP: 45/63 MP: 7/9
  4561 | D:5      | Found a glowing golden altar of the Shining One.
  4712 | D:5      | Noticed jisko22's ghost (novice DrIE)
  5138 | D:6      | Noticed Maggie
  5156 | D:6      | Killed Maggie
  5279 | D:6      | Reached skill level 5 in Fighting
  5279 | D:6      | Reached skill level 11 in Axes
  5279 | D:6      | Reached skill level 5 in Invocations
  5524 | D:6      | Found a radiant altar of Vehumet.
  5600 | D:6      | Reached ** piety under Qazlal
  5671 | D:6      | Found an ancient bone altar of Kikubaaqudgha.
  5765 | D:6      | Reached XP level 9. HP: 71/74 MP: 10/12
  5804 | D:6      | Noticed Menkaure
  5810 | D:6      | Killed Menkaure
  6084 | D:7      | Found a sacrificial altar of Ru.
  6118 | D:7      | Reached skill level 5 in Armour
  6258 | D:7      | Noticed a troll
  6262 | D:7      | Killed a troll
  6809 | D:7      | Found a staircase to the Ecumenical Temple.
  6941 | D:7      | Found a glowing silver altar of Zin.
  7287 | D:7      | Found a shadowy altar of Dithmenos.
  7383 | D:7      | Found a white marble altar of Elyvilon.
  7465 | D:7      | Found an ancient bone altar of Kikubaaqudgha.
  7579 | D:8      | Noticed Prince Ribbit
  7595 | D:8      | Killed Prince Ribbit
  7739 | D:8      | Noticed a two-headed ogre
  7739 | D:8      | Noticed a green ugly thing
  7741 | D:8      | Noticed a manticore
  7742 | D:8      | Noticed a boulder beetle
  7776 | D:8      | Noticed a guardian serpent
  8316 | D:8      | Noticed a yaktaur
  8316 | D:8      | Noticed a salamander
  8336 | D:8      | Reached XP level 10. HP: 84/84 MP: 14/14
  8336 | D:8      | Noticed Erica
  8357 | D:8      | Killed Erica
  8833 | D:8      | Reached skill level 12 in Axes
  9533 | D:9      | Found a staircase to the Lair.
  9784 | D:9      | Found Sililuy's Gadget Shoppe.
 11601 | D:10     | Entered Level 10 of the Dungeon
 11837 | D:9      | Paralysed by a hornet for 3 turns
 12156 | D:10     | Reached XP level 11. HP: 82/94 MP: 17/17
 12172 | D:9      | HP: 1/94 [gargoyle/+0 mace (8)]
 12174 | D:9      | Gained mutation: You are dopey. (Int -2) [potion of
                  | mutation]
 12174 | D:9      | Gained mutation: You are somewhat resistant to further
                  | mutation. [potion of mutation]
 12174 | D:9      | Succumbed to a killer bee's poison

Illustrated notes

Levels and vault maps discovered:
D:1:      ldierk_walled_garden_2, layout_basic
D:2:      layout_basic, chequers_ecumenical_altar_island, grunt_decor_clamped,
          minmay_door_square, grunt_ministairs_14, uniq_natasha
D:3:      layout_rooms, lemuel_doored_altar, nemelex_altar_shiori,
          ebering_ghost_sewer_f
D:4:      layout_cave_pools, bloody_trog, eat_drink_and_be_merry_uskayaw,
          xom_redecorated, serial_glass, glass_columns_a, glass_columns_a,
          serial_shops, shop
D:5:      layout_basic, tso_altar, gup_sewer_entry_bubbles, gammafunk_ghost_icy
D:6:      layout_loops_ring, nicolae_overflow_hidden_temple, lemuel_round_altar,
          uniq_maggie, uniq_menkaure
D:7:      layout_rooms, kennysheep_mini, overflow_temple_1_default,
          nicolae_dithmenos_the_darkroom, general_overflow_altar,
          minmay_temple_entry_statues_pillars, tgw_kikubaaqudgha
D:8:      layout_basic, minivault_12, uniq_erica, uniq_prince_ribbit1
D:9:      layout_basic, due_lair_maze_entry_diamond, special_room
          [special_room_orc], serial_curves, eino_curves_03, eino_curves_03,
          serial_shops, shop_fountains
D:10:     layout_rooms, enter_bailey_8, uniq_fannar

Skill      XL: |  1  2  3  4  5  6  7  8  9 10 |
---------------+-------------------------------+-----
Axes           | 4 5 6 7 8 9 10 11 12 | 12.7
Armour         | 2 4 6 8 |  8.2
Invocations    | 2 5 7 9 |  9.7
Fighting       | 3 5 6 8 |  8.0
Throwing       | |  2.0
Dodging        | |  3.2

Action                   |  1- 3 |  4- 6 |  7- 9 | 10-12 || total
-------------------------+-------+-------+-------+-------++-------
Melee: War axe           |    72 |    91 |   330 |   193 ||   686
       Headbutt          |     9 |    21 |    70 |    39 ||   139
Throw: Dart              |       |     7 |       |       ||     7
       Throwing net      |       |     1 |       |       ||     1
Invok: Upheaval          |       |       |     2 |     9 ||    11
  Use: Scroll            |       |     6 |     6 |     2 ||    14
       Potion            |       |       |       |     2 ||     2
Armor: Leather armour    |    13 |       |       |       ||    13
       Chain mail        |    17 |    49 |   157 |    88 ||   311
Dodge: Dodged            |    42 |    53 |   134 |    94 ||   323
Block: Other             |       |       |    21 |    27 ||    48

Table legend: (Time is in decaauts)
 A = Elapsed time spent in this place.
 B = Non-inter-level travel time spent in this place.
 C = Inter-level travel time spent in this place.
 D = Time resting spent in this place.
 E = Time spent auto-exploring this place.
 F = Levels seen in this place.
 G = Mean time per level.
                   A        B        C        D        E       F      G
               +--------+--------+--------+--------+--------+-----+--------+
         Total |  12259 |  11896 |    363 |   3567 |   6466 |  11 | 1114.5 |
       Dungeon |  11994 |  11631 |    363 |   3483 |   6344 |  10 | 1199.4 |
         Sewer |    265 |    265 |      0 |     84 |    122 |   1 |  265.0 |
               +--------+--------+--------+--------+--------+-----+--------+

Top non-repeatable levels by time:
     D:9: 3062 daAuts
     D:8: 1584 daAuts
     D:6: 1380 daAuts
     D:5: 1192 daAuts
     D:7: 1182 daAuts
     D:2: 1022 daAuts
     D:3: 991 daAuts
     D:4: 786 daAuts
     D:1: 765 daAuts
   Sewer: 265 daAuts
    D:10: 27 daAuts
